 Dungeon Crawl Stone Soup version 0.19.3-4-gbf9329e (console) character file.

134 Kloppie the Skirmisher (level 4, -1/37 HPs)
             Began as a Demonspawn Berserker on Jan 29, 2017.
             Was a Believer of Trog.
             Killed from afar by an orc wizard (8 damage)
             ... with a magic dart
             ... on level 3 of the Dungeon.
             The game lasted 00:02:32 (2063 turns).

Kloppie the Skirmisher (Demonspawn Berserker)       Turns: 2063, Time: 00:02:33

Health: -1/37      AC: 11    Str: 18    XL:     4   Next: 95%
Magic:  4/4        EV:  8    Int:  8    God:    Trog [**....]
Gold:   60         SH:  0    Dex: 13    Spells: 0 memorised, 3 levels left

rFire  . . .     SeeInvis .     a - +0 hand axe
rCold  . . .     Gourm    .     m - +0 chain mail
rNeg   . . .     Faith    .     (no shield)
rPois  .         Spirit   .     (no helmet)
rElec  .         Reflect  .     (no cloak)
rCorr  .         Harm     .     j - +1 pair of gloves
MR     .....                    (no boots)
Stlth  ..........               (no amulet)
                                (no ring)
                                r - ring of stealth

@: confused, exhausted
A: talons 1, rot immunity
a: Berserk, Trog's Hand, Burn Spellbooks, Renounce Religion


You were on level 3 of the Dungeon.
You worshipped Trog.
Trog was pleased with you.
You were near starving.

You visited 1 branch of the dungeon, and saw 3 of its levels.

You collected 60 gold pieces.

Inventory:

Hand Weapons
 a - a +0 hand axe (weapon)
Armour
 j - a +1 pair of gloves (worn)
 m - a +0 chain mail (worn)
Jewellery
 r - a ring of stealth (left hand)
Scrolls
 d - a scroll of fog {unknown}
 e - a scroll of recharging {unknown}
 h - a scroll of teleportation {unknown}
 k - a scroll of identify {unknown}
 l - a scroll of remove curse {unknown}
 n - a scroll of amnesia {unknown}
 q - a scroll of noise {unknown}
Potions
 f - 2 potions of lignification {unknown}
 g - a potion of heal wounds {unknown}
 i - a potion of agility {unknown}
 o - a potion of curing {unknown}
 p - a potion of degeneration {unknown}
Comestibles
 b - 4 chunks of flesh
 c - a bread ration


   Skills:
 - Level 3.8 Fighting
 + Level 3.7 Axes
 * Level 3.2 Armour
 - Level 1.7 Dodging


You had 3 spell levels left.
You didn't know any spells.

Dungeon Overview and Level Annotations

Branches:
Dungeon (3/15)

Altars:
Ashenzari
Nemelex Xobeh
Xom
Yredelemnul
Zin


Innate Abilities, Weirdness & Mutations

You have sharp toenails.
You are immune to rotting.


Message History

You closely miss something. Your kick misses something.
Something completely misses you. Something hits you but does no damage.
You miss something. Your kick misses something.
Something hits you but does no damage. x2
You hit something. Something hits you but does no damage.
You miss something. Your kick misses something.
Something hits you but does no damage. x2
You hit something but do no damage. Your kick misses something.
You hear some strange, mumbled words.
A magic dart appears from out of thin air!
The magic dart hits you!
* * * LOW HITPOINT WARNING * * *
You hear some strange, mumbled words.
You are confused.
You're too confused to move!
You feel yourself speed up.
You hear some strange, mumbled words.
A magic dart appears from out of thin air!
The magic dart hits you!
You die...

.... ..... ..... ##
....#### .## #.
#.....# ..####...
#.....######........
#.........{.........
#....†...@)....#...
###.....##########
#....<..#
....####### ..#


There were no monsters in sight!

Vanquished Creatures
  An orc wizard (D:3)
  4 gnolls (D:2)
  An adder (D:2)
  2 worms
  2 dart slugs (D:2)
  3 leopard geckos
  2 orcs (D:3)
  5 bats
  2 giant cockroaches (D:2)
  7 goblins
  3 hobgoblins
  2 jackals (D:2)
  A quokka (D:2)
  A ball python (D:1)
  4 frilled lizards
  7 kobolds
  2 rats (D:1)
49 creatures vanquished.

Notes
Turn   | Place    | Note
-------+----------+-------------------------------------------
     0 | D:1      | Kloppie the Demonspawn Berserker began the quest for the Orb.
     0 | D:1      | Reached XP level 1. HP: 18/18 MP: 1/1
   121 | D:1      | Gained mutation: You have sharp toenails. [demonic ancestry]
   121 | D:1      | Reached XP level 2. HP: 17/24 MP: 2/2
   984 | D:2      | Reached XP level 3. HP: 28/30 MP: 3/3
  1187 | D:2      | Found a shimmering altar of Xom.
  1189 | D:2      | Found a shattered altar of Ashenzari.
  1189 | D:2      | Found a basalt altar of Yredelemnul.
  1191 | D:2      | Found a sparkling altar of Nemelex Xobeh.
  1191 | D:2      | Found a glowing silver altar of Zin.
  1191 | D:2      | Found a shattered altar of Ashenzari.
  1377 | D:2      | Reached ** piety under Trog
  1768 | D:2      | Gained mutation: You are immune to rotting. [demonic ancestry]
  1768 | D:2      | Reached XP level 4. HP: 37/37 MP: 4/4
  2063 | D:3      | Killed from afar by an orc wizard

Skill      XL: |  1  2  3  4 |
---------------+-------------+-----
Axes           | 3 |  3.7
Armour         | 2 3 |  3.2
Fighting       | |  3.8
Dodging        | |  1.7

Action                   |  1- 3 |  4- 6 || total
-------------------------+-------+-------++-------
Melee: Hand axe          |   134 |    57 ||   191
       Kick              |    31 |    13 ||    44
Invok: Berserk           |     2 |     2 ||     4
       Trog's Hand       |       |     1 ||     1
  Eat: Chunk             |     4 |     2 ||     6
Armor: Animal skin       |     6 |       ||     6
       Ring mail         |     5 |       ||     5
       Chain mail        |    40 |    46 ||    86
Dodge: Dodged            |    71 |    15 ||    86
